 Dungeon Crawl Stone Soup version 0.22-a0-443-g17c3723 (webtiles) character file.

27 Gorglomux the Shield-Bearer (level 3, -1/23 HPs)
             Began as a Gargoyle Fighter on June 1, 2018.
             Slain by Natasha (3 damage)
             ... on level 2 of the Dungeon.
             The game lasted 00:00:18 (430 turns).

Gorglomux the Shield-Bearer (Gargoyle Fighter)       Turns: 430, Time: 00:00:20

Health: -1/23      AC: 10    Str: 20    XL:     3   Next: 10%
Magic:  3/3        EV:  7    Int:  8    God:
Gold:   21         SH:  9    Dex:  9    Spells: 2/2 levels left

rFire    . . .     SeeInvis .   a - +0 war axe
rCold    . . .     Gourm    .   c - +0 shield
rNeg     + . .     Faith    .   b - +0 scale mail
rPois    ∞         Spirit   .   (no helmet)
rElec    +         Reflect  .   (no cloak)
rCorr    .         Harm     .   (no gloves)
MR       .....                  (no boots)
Stlth    ..........             (no amulet)
HPRegen  0.07/turn              (no ring)
MPRegen  0.08/turn              (no ring)

@: flying
A: negative energy resistance 1, electricity resistance, unbreathing,
petrification resistance, rot immunity, AC +3
a: no special abilities


You were on level 2 of the Dungeon.
You were not hungry.

You visited 1 branch of the dungeon, and saw 2 of its levels.

You collected 21 gold pieces.

Inventory:

Hand Weapons
 a - a +0 war axe (weapon)
Armour
 b - a +0 scale mail (worn)
 c - a +0 shield (worn)
Jewellery
 k - a cursed ring of loudness {unknown}
Scrolls
 h - 3 scrolls of identify {unknown}
 l - a scroll of fog {unknown}
Potions
 d - a potion of might
 j - a potion of curing {unknown}
Comestibles
 f - 3 rations
 i - 3 chunks of flesh


   Skills:
 - Level 3.2 Fighting
 + Level 3.1 Axes
 - Level 3.2 Armour
 - Level 3.2 Shields


You had 2 spell levels left.
You didn't know any spells.
Your spell library was empty.

Dungeon Overview and Level Annotations

Branches:
Dungeon (2/15)

Altars:

Annotations:
D:2 Natasha


Innate Abilities, Weirdness & Mutations

You are resistant to torment.
Your stone body is resilient. (AC +3)
You are immune to poison.
You resist negative energy. (rN+)
You are resistant to electric shocks. (rElec)
You can survive without breathing.
You are immune to petrification.
You are immune to rotting.


Message History

You slice the hobgoblin butt a ripe choko!
Natasha claws you but does no damage! You block the hobgoblin's attack!
Butt barely butts Natasha!
You carve the hobgoblin butt do no damage!
Natasha claws you!
The hobgoblin hits you but does no damage!
You block the hobgoblin's attack! Natasha claws you but does no damage!
Butt command!
You closely miss Natasha! You carve the hobgoblin like a ham!
You annihilate the hobgoblin!!!
Natasha claws butt! * * * don't die
* * * Unknown command!
It was a potion of flight!
You feel very buoyant!
You fly up into the air!
Natasha howls an incantation!
Natasha glows brightly for a moment!
Natasha claws you! rip

##.....#.....##
####.............###
........!..........
#................?
#......?...(......
#................. ###
#..........h......
#..##.......!.@.......
.##.............†...####
.....#..<.####.#....#
.......................
....#..................>
...<#.###.........#.....
....#.##÷.........##....
.......(..........# ....
....#..##........


You could see Natasha.

Vanquished Creatures
  An adder (D:2)
  A leopard gecko (D:2)
  A giant cockroach (D:1)
  A goblin (D:2)
  A hobgoblin (D:2)
  4 kobolds
  6 bats
  A frilled lizard (D:2)
  3 rats
19 creatures vanquished.

Notes
Turn   | Place    | Note
-------+----------+-------------------------------------------
     0 | D:1      | Gorglomux the Gargoyle Fighter began the quest for the Orb.
     0 | D:1      | Reached XP level 1. HP: 14/14 MP: 1/1
   186 | D:1      | Reached XP level 2. HP: 19/19 MP: 2/2
   393 | D:2      | Reached skill level 3 in Axes
   403 | D:2      | Reached XP level 3. HP: 23/23 MP: 3/3
   414 | D:2      | Noticed Natasha
   430 | D:2      | Slain by Natasha

Vault maps used:
D:1:      dpeg_arrival_rooms_with_view, serial_bayou, serial_bayou_pond_e,
          serial_bayou_shore_b, serial_bayou_crossing, serial_bayou_pond_b,
          serial_bayou_pond_a
D:2:      fedhas_altar_fruit_tree, hex_tiny, uniq_natasha

Skill      XL: |  1  2 |
---------------+-------+-----
Axes           | 2 3 |  3.1
Fighting       | |  3.2
Armour         | |  3.2
Shields        | |  3.2

Action                   || total
-------------------------++-------
Melee: War axe           ||    78
  Use: Potion            ||     1
Armor: Scale mail        ||    54
Dodge: Dodged            ||    30
Block: Shield            ||    61

Table legend:
 A = Spawn XP
 B = Non-spawn XP
 C = Spawn XP percentage of total XP
 D = Spawn monster count
 E = Non-spawn monster count
 F = Spawn count percentage of total count
 G = Total turns spent on level
                    A         B        C        D         E        F      G
               +---------+---------+-------+---------+---------+-------+---------
         Total |       0 |      39 |   0.0 |       0 |      19 |   0.0 |   430
               +---------+---------+-------+---------+---------+-------+---------
           D:1 |       0 |      13 |   0.0 |       0 |      10 |   0.0 |   300
           D:2 |       0 |      26 |   0.0 |       0 |       9 |   0.0 |   130
               +---------+---------+-------+---------+---------+-------+---------
